Cogmind - Beta 16 --- EXPLORER MODE // 2025.12.08 @ 09:24:49 Player: K.K.Y. Result: Destroyed by SJ-FC6(R) with Subdweller Beam Cannon Performance ------------- Evolutions (0) 0 Regions Visited (3) 600 Robots Destroyed (39) 195 Value Destroyed (898) 898 Prototype IDs (12) 240 Alien Tech Used (0) 0 Bonus (120) 120 TOTAL SCORE: 2053 Bonus ------- Follower Combat Kills 120 Cogmind --------- Core Integrity 0/250 Matter 290/300 Energy 200/200 System Corruption 0% Temperature Cool (9) Movement Flying (55) Location -10/Subcaves Parts ------- > --- POWER (1) -------- Subdweller Power Source > --- PROPULSION (2) --- Makeshift Flight Unit > --- UTILITY (3) ------ (None) > --- WEAPON (2) ------- (None) > --- INVENTORY (5) ---- Ion Engine Improved Hover Unit High-capacity Storage Unit Machine Analyzer Datajack Peak State ------------ > --- POWER ------------ Ion Engine Light Ion Engine > --- PROPULSION ------- Improved Hover Unit Improved Hover Unit > --- UTILITY ---------- Structural Scanner Sensor Array Improved Terrain Scanner > --- WEAPON ----------- Powered Cannon > --- INVENTORY -------- Improved Hover Unit High-capacity Storage Unit Machine Analyzer Datajack Mining Laser [Rating: 25] Favorites ----------- Power Light Ion Engine Engine Light Ion Engine Propulsion Improved Hover Unit Treads Light Treads Hover Unit Improved Hover Unit Flight Unit Flight Unit Utility Improved Terrain Scanner Device Improved Terrain Scanner Processor Terrain Scan Processor Weapon Powered Cannon Energy Gun EM Pulse Gun Energy Cannon Powered Cannon Ballistic Gun Light Assault Rifle Special Weapon Mining Laser Build | -11 -10 -10 -10 ------- Run | Yrd Mat Min Sub Slots Evolved 1 | . 1 . . Power . | . . . . Propulsion . | . . . . Utility 1 | . 1 . . Weapon . | . . . . Parts Attached 24 | 4 12 . 8 Power 5 | . 1 . 4 Engine 5 | . 1 . 4 Core . | . . . . Reactor . | . . . . Propulsion 8 | 2 4 . 2 Treads 2 | 2 . . . Leg . | . . . . Wheel . | . . . . Hover 3 | . 2 . 1 Flight 3 | . 2 . 1 Utility 4 | . 4 . . Device 3 | . 3 . . Storage . | . . . . Processor 1 | . 1 . . Hackware . | . . . . Protection . | . . . . Artifact . | . . . . Weapon 7 | 2 3 . 2 Energy Gun 2 | 2 . . . Energy Cannon 3 | . 2 . 1 Ballistic Gun 1 | . 1 . . Ballistic Cannon . | . . . . Launcher . | . . . . Special Weapon 1 | . . . 1 Impact Weapon . | . . . . Slashing Weapon . | . . . . Piercing Weapon . | . . . . Special Melee Weapon . | . . . . Unidentified Prototypes 1 | . . . 1 Parts Lost 11 | . . . 11 Power 3 | . . . 3 Propulsion 3 | . . . 3 Utility 3 | . . . 3 Weapon 2 | . . . 2 Highest Loss Streak 5 | . . . 5 To Critical Strikes . | . . . . Average Backups 4 | 1 2 5 4 Power . | . . . . Propulsion 1 | . . 2 1 Utility 1 | . . 1 1 Weapon . | . 1 1 . Tool/Special . | . . . . Unused Backups 5 | . 1 . 4 Power . | . . . . Propulsion 1 | . . . 1 Utility 3 | . 1 . 2 Weapon . | . . . . Tool/Special 1 | . . . 1 Average Slot Usage (%) 81 | . 92 100 76 Engine 11 | . 10 12 12 Hover 18 | . 6 25 20 Flight 2 | . 13 . . Device 30 | . 23 37 31 Processor 1 | . 7 . . Energy Gun 3 | . 16 . . Energy Cannon 12 | . 6 25 11 Peak Build Rating 25 | 4 15 14 25 Average Rating 18 | 3 11 14 21 On Entrance 8 | . 4 14 14 Avg Prop Armor Cover (%) . | . . . . Naked Turns . | . . . . Heaviest Build 21 | 4 14 14 21 Greatest Support 40 | 40 40 14 14 Greatest Overweight (x) 2 | . 2 . 2 Average Overweight (x) . | . . . . Largest Inventory Capacity 5 | 5 5 5 5 Average Capacity 5 | 5 5 5 5 Most Carried 5 | 4 5 5 5 Average Carried 4 | 1 2 5 4 Final Capacity 5 | 5 5 5 5 Final Carried 5 | 4 5 5 5 Class Distribution -------------------- 63% | Hacker-Skirmisher 21% | Hacker-Scout 15% | Hacker-Mutant Dominant Class ---------------- Hacker-Scout | -10/Materials Hacker-Scout | -10/Mines Hacker-Skirmisher | -10/Subcaves Resources | -11 -10 -10 -10 ----------- Run | Yrd Mat Min Sub Matter Collected 420 | 240 115 10 55 Remotely . | . . . . Salvage Created 1170 | 104 480 36 550 Parts 80 | 7 34 4 35 Haulers Intercepted 2 | . 2 . . Recyclers Shooed . | . . . . Parts Field Recycled . | . . . . Retrieved Matter . | . . . . Parts Self-Destructed . | . . . . Prevented . | . . . . Parts Restored . | . . . . Kills | -11 -10 -10 -10 ------- Run | Yrd Mat Min Sub Combat Hostiles Destroyed 26 | . 8 2 16 Guns 6 | . 6 . . Cannons 16 | . . 2 14 AOE 2 | . 2 . . Classes Destroyed 9 | 2 5 . 2 Builder 4 | . 4 . . Tunneler 1 | 1 . . . Hauler 2 | . 2 . . Recycler 1 | 1 . . . Turret 2 | . . . 2 Watcher 3 | . 3 . . Swarmer 10 | . 4 2 4 Grunt 5 | . 4 . 1 Subdweller 11 | . . . 11 Best Kill Streak 9 | 2 9 2 5 Combat Bots Only 5 | . 5 2 5 Max Kills in Single Turn 2 | 1 2 1 1 Gunslinging 1 | . 1 . . Exploded 2 | . 2 . . Melee . | . . . . Uniques/NPCs Destroyed . | . . . . Combat | -11 -10 -10 -10 -------- Run | Yrd Mat Min Sub Hostile Shots Fired 140 | . 22 14 104 Missed 51 | . 6 5 40 Hits 89 | . 16 9 64 Projectile 89 | . 16 9 64 AOE 1 | . . . 1 Damage Taken 970 | . 119 69 782 Core 263 | . 34 30 199 Absorbed by Shields . | . . . . Ignored by Resistances 582 | . 75 45 462 Core Remaining (%) 100 | 100 . . . Volleys Fired 86 | 2 24 4 56 Largest 2 | 2 2 2 2 Hottest 112 | 80 112 112 112 Shots Fired 118 | 4 48 8 58 Gun 44 | 4 40 . . Cannon 71 | . 8 8 55 Launcher . | . . . . Special 3 | . . . 3 Kinetic . | . . . . Thermal 54 | . . . 54 Explosive . | . . . . Electromagnetic 64 | 4 48 8 4 Robot Hit Streak 32 | 2 10 13 32 Robot Miss Streak 1 | . 1 . 1 Penetration Max . | . . . . Secondary Targets 1 | . 1 . . Max Gunslinging Chain 1 | . 1 . . Shots Hit Robots 83 | 2 36 6 39 Core Hits 39 | 2 20 3 14 Critical Kills 2 | . . . 2 Critical Parts Destroyed . | . . . . Critical Strikes 4 | . 2 . 2 Meltdown 2 | . . . 2 Corrupt 2 | . 2 . . Melee Attacks . | . . . . Impact . | . . . . Slashing . | . . . . Piercing . | . . . . Sneak Attacks . | . . . . Combat Hostiles . | . . . . Follow-up Attacks . | . . . . Damage Inflicted 2704 | 27 711 131 1835 Guns 407 | 27 380 . . Cannons 2098 | . 180 131 1787 Explosions 150 | . 150 . . Melee . | . . . . Ramming 1 | . 1 . . Kinetic . | . . . . Thermal 1949 | . 150 . 1799 Explosive . | . . . . Electromagnetic 754 | 27 560 131 36 Impact . | . . . . Slashing . | . . . . Piercing . | . . . . Highest Corruption . | . . . . Average Corruption . | . . . . Corruption Purged . | . . . . Corruption Blocked . | . . . . Overload Shots . | . . . . Overflow Damage 46 | . . . 46 Projectiles 46 | . . . 46 Explosions . | . . . . Melee . | . . . . Knockbacks . | . . . . Impact . | . . . . Kinetic . | . . . . Secondary . | . . . . Self-Inflicted Damage 14 | . 14 . . Shots 1 | . 1 . . Rammed 1 | . 1 . . Targets Rammed 1 | . 1 . . Kicked . | . . . . Crushed . | . . . . Highest Temperature 126 | 3 126 69 20 Average Temperature 25 | 2 35 34 3 Received Heat Transfer 381 | . 72 51 258 Siege Activations . | . . . . Martial Activations . | . . . . Shielding Activations . | . . . . Robots Disrupted . | . . . . Combat Hostiles . | . . . . Robots Corrupted 1 | . 1 . . Combat Hostiles . | . . . . Parts Fried 3 | . 3 . . Impact Corruptions . | . . . . Robots Melted 2 | . . . 2 Combat Hostiles 2 | . . . 2 Parts Melted 4 | . . . 4 Heat Transferred 450 | . 350 . 100 Parts Sabotaged . | . . . . Parts Stolen . | . . . . Parts Stripped . | . . . . Power Chain Reactions 3 | . 3 . . Alert | -11 -10 -10 -10 ------- Run | Yrd Mat Min Sub Maximum Alert Level . | . . . . Low Security (%) 100 | 100 100 100 . Level 1 . | . . . . Level 2 . | . . . . Level 3 . | . . . . Level 4 . | . . . . Level 5 . | . . . . High Security . | . . . . Max Security . | . . . . Peak Influence 162 | 5 162 59 . Initial . | . . . . Average 33 | 1 48 11 . Influence Increases 674 | 10 285 119 260 Destroy 0b10 Robot/C 380 | . 160 80 140 Destroy 0b10 Robot/NC 55 | 10 45 . . Destroy Leader 60 | . 40 20 . Allied During Kill 4 | . . 4 . Disable Machine 12 | . 12 . . Destroy Structure 13 | . 13 . . Lose Combat Pursuer 150 | . 15 15 120 Influence Decreases 674 | 10 285 119 260 Time Decay 624 | 10 285 119 210 Lost Part 10 | . . . 10 Lost Ally 40 | . . . 40 Squads Dispatched . | . . . . Investigation . | . . . . Extermination . | . . . . Reinforcement . | . . . . Assault . | . . . . Garrison . | . . . . Intercept . | . . . . Searches Triggered . | . . . . Construction Impeded . | . . . . Haulers Reinforced . | . . . . Active Scanning Responses . | . . . . Cargo Convoy Interrupts . | . . . . Stealth | -11 -10 -10 -10 --------- Run | Yrd Mat Min Sub Distress Signals 1 | . 1 . . Communications Jammed . | . . . . Distress Signals . | . . . . Times Spotted 48 | . 13 5 30 Peak Tracking Total 4 | . 4 2 4 Tactical Retreats 8 | . 1 1 6 Traps | -11 -10 -10 -10 ------- Run | Yrd Mat Min Sub Traps Triggered 2 | . 1 . 1 Indirectly . | . . . . Trap Hack Attempts . | . . . . Triggered . | . . . . Disarmed . | . . . . Reprogrammed . | . . . . Reused . | . . . . Traps Extracted . | . . . . Installed . | . . . . Triggered . | . . . . Machines | -11 -10 -10 -10 ---------- Run | Yrd Mat Min Sub Machines Disabled 4 | . 3 . 1 Max in Single Turn 1 | . 1 . 1 Machines Repaired . | . . . . Machines Dismantled . | . . . . Machines Sabotaged . | . . . . Overloaded Fab Kills . | . . . . Hacking | -11 -10 -10 -10 --------- Run | Yrd Mat Min Sub Machines Accessed 2 | . . . 2 Terminals . | . . . . Fabricators . | . . . . Repair Stations . | . . . . Recycling Units . | . . . . Scanalyzers . | . . . . Garrison Access . | . . . . Total Hacks 5 | . . . 5 Successful 5 | . . . 5 Failed . | . . . . Catastrophic . | . . . . Database Lockouts . | . . . . Manual . | . . . . Terminals . | . . . . Fabricators . | . . . . Repair Stations . | . . . . Recycling Units . | . . . . Scanalyzers . | . . . . Garrison Access . | . . . . Terminal Hacks 5 | . . . 5 Record 4 | . . . 4 Proto ID Catalog 1 | . . . 1 Fabricator Hacks . | . . . . Repair Station Hacks . | . . . . Recycling Unit Hacks . | . . . . Scanalyzer . | . . . . Garrison Access Hacks . | . . . . Unauthorized Hacks . | . . . . Terminals . | . . . . Fabricators . | . . . . Repair Stations . | . . . . Recycling Units . | . . . . Scanalyzers . | . . . . Garrison Access . | . . . . Data Cores Recovered . | . . . . Used . | . . . . Hacking Detections . | . . . . Full Trace Events . | . . . . Feedback Events . | . . . . Feedback Blocked . | . . . . Robot Schematics Acquired . | . . . . Robots Built . | . . . . Authchips . | . . . . Time . | . . . . Total Robot Build Rating . | . . . . Part Schematics Acquired . | . . . . Parts Built . | . . . . Authchips . | . . . . Time . | . . . . Total Part Build Rating . | . . . . Part Studies Acquired . | . . . . Parts Repaired . | . . . . Time . | . . . . Parts Recycled . | . . . . Recycled Matter . | . . . . Retrieved Matter . | . . . . Retrieved Components . | . . . . Parts Scanalyzed . | . . . . Part Schematics Acquired . | . . . . Parts Damaged . | . . . . Bothacking | -11 -10 -10 -10 ------------ Run | Yrd Mat Min Sub Used RIF Installer . | . . . . Robots Hacked . | . . . . Non-combat . | . . . . Combat . | . . . . Robot Hacks Applied . | . . . . Relay Couplers Released . | . . . . Fabnet Peak Effective % . | . . . . Robots Rewired . | . . . . Allies Hacked . | . . . . Hacks Repelled . | . . . . Allies | -11 -10 -10 -10 -------- Run | Yrd Mat Min Sub Total Allies 3 | . . 3 . Largest Group 3 | . . 3 3 Highest-Rated Group 40 | . . 40 40 Highest-Rated Ally 16 | . . 16 16 Total Orders . | . . . . Ally Attacks 34 | . . 7 27 Total Damage 412 | . . 48 364 Kills 4 | . . 2 2 Allies Corrupted . | . . . . Allies Melted . | . . . . Intel | -11 -10 -10 -10 ------- Run | Yrd Mat Min Sub Active Infowar (turns) 1725 | . 611 342 772 Sensors 1724 | . 610 342 772 Terrain 1725 | . 611 342 772 Structural 1152 | . 38 342 772 Robot Analysis Total . | . . . . Derelict Logs Recovered 2 | . . . 2 Drone Launches . | . . . . Drone Recoveries . | . . . . Exploration | -11 -10 -10 -10 ------------- Run | Yrd Mat Min Sub Turns Passed 3400 | 81 651 342 2326 Spaces Moved 2756 | 52 588 466 1650 Core 69 | 26 2 . 41 Treads 65 | 26 39 . . Legs . | . . . . Wheels . | . . . . Hover 2117 | . 183 466 1468 Flight 505 | . 364 . 141 Fastest Speed 37 | 50 37 56 55 Average Speed 94 | 105 80 56 110 Slowest Speed 180 | 160 160 56 180 Overloaded Moves . | . . . . Propulsion Burnouts . | . . . . Robots Hopped 1 | . . . 1 Potential Cave-ins . | . . . . Cave-ins Triggered . | . . . . Exploration Rate (%) 65 | 4 81 85 92 Regions Visited 3 Branch Regions 2 Pre-discovered Areas 1 | . . . 1 Known Exits Taken 3 | 1 1 1 . Unknown Exits Taken . | . . . . Scrap Searched 8 | . . . 8 Spaces Dug 3 | . . . 3 Terrain Destroyed 18 | . 13 . 5 Melee . | . . . . Projectile 5 | . . . 5 AOE 13 | . 13 . . Terrain Rammed . | . . . . Walls Destroyed . | . . . . Machines Disabled . | . . . . Actions | -11 -10 -10 -10 --------- Run | Yrd Mat Min Sub Total 3425 | 75 719 538 2093 Wait 526 | 10 74 69 373 Move 2751 | 51 587 465 1648 Hop 1 | . . . 1 Pick Up 20 | 8 9 . 3 Fast Attach 8 | . 3 . 5 Attach 16 | 4 8 . 4 Detach 6 | . 5 . 1 Swap 2 | . 2 . . Drop 8 | . 6 . 2 Fire 86 | 2 24 4 56 Melee . | . . . . Ram 1 | . 1 . . Kick . | . . . . Crush . | . . . . Escape Stasis . | . . . . Rewire . | . . . . Trap . | . . . . Miscellaneous . | . . . . Route ------- -11/Scrapyard -10/Materials (discovered 5 exits: *Mat x3 / *Min / Sub) -10/Mines (discovered 4 exits: *Mat x2 / Exi / *Sub) -10/Subcaves (discovered 3 exits: *Mat x2 / *Rec) History --------- Turn | Location | Event 4 | -11/Scrapyard | Identified exit to Materials 4 | -11/Scrapyard | Discovered exit to Materials (range 16) 82 | -11/Scrapyard | Entered Materials 82 | -10/Materials | Evolved 1 slot: Utility x1 313 | -10/Materials | Identified exit to Materials 313 | -10/Materials | Discovered exit to Materials (range 16) 524 | -10/Materials | Identified exit to Mines 524 | -10/Materials | Discovered exit to Mines (range 8) 542 | -10/Materials | Discovered exit to Materials (range 16) 659 | -10/Materials | Identified exit to Subcaves 659 | -10/Materials | Discovered exit to Subcaves (range 11) 665 | -10/Materials | Discovered exit to Materials (range 11) 733 | -10/Materials | Entered Mines 741 | -10/Mines | Discovered exit to Materials (range 10) 750 | -10/Mines | Assisted by bots powering up and referring to "LRC-V3" 757 | -10/Mines | Discovered exit to Materials (range 13) 773 | -10/Mines | Build established: Hacker-Scout 816 | -10/Mines | Deemed a non-threat by the Exiles lab entrance 816 | -10/Mines | Identified exit to Exiles 816 | -10/Mines | Discovered exit to Exiles (range 6) 950 | -10/Mines | Found a Scrap Suit stashed away for nefarious purposes 987 | -10/Mines | Discovered exit to Subcaves (range 5) 1075 | -10/Mines | Entered Subcaves 1075 | -10/Subcaves | Accompanied by 3 allies 1076 | -10/Subcaves | Approached by a straggling Scientist 1284 | -10/Subcaves | Visited 4L-MR0's lab 1296 | -10/Subcaves | Found Prototype Energy Cannon 1296 | -10/Subcaves | Identified Powered Cannon 1298 | -10/Subcaves | Attached Powered Cannon, gained temporary slot: Power 1431 | -10/Subcaves | Build established: Hacker-Skirmisher 1474 | -10/Subcaves | Identified exit to Materials 1474 | -10/Subcaves | Discovered exit to Materials (range 10) 1572 | -10/Subcaves | Shifting Twisted Machinery released Sub. Beam Cannon 1951 | -10/Subcaves | Learned 4 Materials zone layouts 2014 | -10/Subcaves | Identified exit to Recycling 2014 | -10/Subcaves | Discovered exit to Recycling (range 12) 2834 | -10/Subcaves | Visited Clippyterm 2851 | -10/Subcaves | Learned location of Extension (-6) 3165 | -10/Subcaves | Core integrity fell below 50% 3229 | -10/Subcaves | Lost 3 parts (1p1n1u) 3287 | -10/Subcaves | Discovered exit to Materials (range 12) 3314 | -10/Subcaves | Shifting Twisted Machinery released Flamer 3314 | -10/Subcaves | Shifting Twisted Machinery released Mak. Flight Unit 3317 | -10/Subcaves | Lost 5 parts (1n2u2w) 3385 | -10/Subcaves | Core integrity fell below 20% 3401 | -10/Subcaves | Destroyed by SJ-FC6(R) with Subdweller Beam Cannon Last Messages --------------- 03191_ YX-BOF(R) destroyed. 03197_ RQ-7ZS(R) affixes Scrap Shield Fragment to Scrap Shield. 03198_ Imp. Hover Unit destroyed. 03199_ RQ-7ZS(R) destroyed. 03218_ Acquired Sub. Power Source. 03270_ Powered Cannon destroyed. 03270_ Sensor Array destroyed. 03270_ Temporary Power slot lost. 03275_ Imp. Hover Unit destroyed. 03279_ Mining Laser destroyed. 03281_ Acquired Ion Engine. 03286_ Imp. Terrain Scanner destroyed. 03287_ EXIT=FOUND: MATERIALS Flamer falls loose from the Twisted Machinery. Mak. Flight Unit falls loose from the Twisted Machinery. 03322_ Acquired Mak. Flight Unit. 03335_ Acquired derelict log, extracted data. Data stored: Storage entrances (x1). Map ----- +----------------------------------------------------+ | ????????????????????????????????????????????? | | ????????????????????????????????????????????? | | ????????????????????????????????????????????? | | ????????????????????????????????????????????? | | ????????????????????????????????????????????? | | ????????????????????????????????????????????? | | ????????????????????????????????????????????? | | ????????????????????????????????????????????? | | ????????????????????????????????????????????? | | ????????????????????????????????????????????? | | ????????????????????????????????????????????? | | ????????????????????????????????????????????? | | ????????????????????????????????????????????? | | ????###???????######????????????????????????? | | ????# ##??????# ###??????????????????????? | | ????# ###????# #??????????????????????? | | ????# ##???# #???????????????????????? | | ????# ##??# ####????????????????????? | | ????# #??# #####?##?????????????? | | ???## ###??# ## #?????????????? | | ??## #???## #?????????????? | | ?## ##?## #?????????????? | | ?# ### ## #?????????????? | | ?# ### ##?????????????? | | ?## ## ## #??????????????? | | ??# ## R @ ##??????????????? | | ### ## ##???????????????? | | ## ###????????????????? | | ## #####??????????????????? | | #### ##??????????????????????? | | #??## #???????????????????????? | | #???# #### #???????????????????????? | | ????## ##?# #???????????????????????? | | #????# ### ####????????????????????? | | #????# #????????????????????? | | #????# ## #??? ???????????????? | | ?????## #### ### ???????????????? | | ??????# ##?# ???????????????? | | ??????# ### #??????????????? | | ??????## #???????????????? | | ???????## ## #???????????????? | | ##??????# ## " ????????????????? | | #"##????#### ## " " ????????????????? | | "#####???## """ #???????????????????????? | | " ###### # """#??????????????????????? | | """ ## ### ## ""??????????????????????? | | " "" ## ?????????????????????? | | """ # """##? ?????????????????????? | | " ########??? ????????????????????? | | ##??????????? ????????????????????? | +----------------------------------------------------+ Best States ------------- Heat Dissipation 25 Energy Generation 20 Energy Capacity 350 Matter Stores 300 Matter Capacity 300 Sight Range 16 Robot Scan Range 14 Terrain Scan Range 16 Terrain Scan Density 85 Resistance: KI 35 Resistance: TH 35 Resistance: EX 35 Resistance: EM 35 Resistance: I 35 Resistance: S 35 Resistance: P 35 Evasion (%) 62 Recoil Reduction 2 Offensive Hacking 20 Item Schematics ----------------- None Robot Schematics ------------------ None Fabricated ------------ Nothing Repaired ---------- Nothing Studied --------- None Alien Tech Used ----------------- None Achievements -------------- None Challenges ------------ None Game ------ Seed WeaponsSubatomicTriangulator Manual? 0 Play Time 00:19:51 Cumulative 174.3 hours Start 2025.12.08 @ 09:07:33 End 2025.12.08 @ 09:24:49 Sessions 1 Manual Loads 0 Difficulty Explorer Special Mode None Game No. 237 Rogue 0 Adventurer 0 Explorer 237 Win Type - Total 0 Types 0/0/0/0/0/0/0/0/0/0 Lore% 70 Gallery% 67 Achievement% 53 Wizard Run 0 Options --------- Layout 1 ASCII 0 Keyboard 0 Movement Mouse Keybinds 0 Fullscreen 1 Font 24/Smallcaps Map View 50x35 Zoom Use 0% Tactical HUD 1 Map Filters NONE Filters NONE Steam 1 RUN: e664a240-df36-446b-9d96-f8d9a81494d7